 Dungeon Crawl Stone Soup version 0.21-a0-356-g45b0a09 (webtiles) character file.

8881 tidbits the Infuser (level 11, -8/127 HPs)
             Began as a Gnoll Skald on Oct 12, 2017.
             Was an Elder of Makhleb.
             Mangled by a freezing wraith (10 damage)
             ... in an ice cave.
             The game lasted 00:35:57 (3410 turns).

tidbits the Infuser (Gnoll Skald)                   Turns: 3410, Time: 00:35:58

Health: -8/127     AC: 12    Str: 19    XL:     11   Next: 37%
Magic:  31/32      EV: 14    Int: 19    God:    Makhleb [****..]
Gold:   433        SH: 10    Dex: 16    Spells: 15/26 levels left

rFire    + . .     SeeInvis .   a - +0 war axe (elec)
rCold    . . .     Gourm    .   D - +0 shield (curse)
rNeg     . . .     Faith    .   B - +0 ring mail
rPois    .         Spirit   .   E - +2 helmet
rElec    .         Reflect  .   (no cloak)
rCorr    .         Harm     .   G - +0 pair of gloves
MR       .....                  F - +0 pair of boots
Stlth    ..........             j - amulet of rage
HPRegen  0.31/turn              w - ring of magical power
MPRegen  0.23/turn              W - ring of wizardry

@: berserking (expiring), slowed
A: distributed training, fangs 1, talons 1, clever 1, fire resistance 1, strong
nose
a: Minor Destruction, Lesser Servant of Makhleb, Major Destruction, Renounce
Religion, Evoke Berserk Rage


You were in an ice cave.
You worshipped Makhleb.
Makhleb was greatly pleased with you.
You were not hungry.

You visited 2 branches of the dungeon, and saw 13 of its levels.
You also visited: Ice Cave.

You collected 537 gold pieces.
You spent 104 gold pieces at shops.

Inventory:

Hand Weapons
 a - a +0 war axe of electrocution (weapon)
   (You took it off an orc on level 2 of the Dungeon)
 l - a +0 fustibalus
 K - a +1 flail of protection
   (You found it on level 6 of the Dungeon)
 S - a +2 dagger of venom
   (You took it off an orc wizard on level 9 of the Dungeon)
 U - a cursed -2 arbalest
 Y - a +1 hand axe of flaming
   (You took it off an orc on level 9 of the Dungeon)
Missiles
 e - 94 arrows
 i - 5 javelins (quivered)
 k - 26 sling bullets
 r - 20 tomahawks
Armour
 p - a +1 robe of positive energy
   (You took it off an orc wizard on level 8 of the Dungeon)
 v - a +1 leather armour of magic resistance
   (You took it off an orc priest on level 4 of the Dungeon)
 B - a +0 ring mail (worn)
 D - a cursed +0 shield (worn)
 E - a +2 helmet (worn)
 F - a +0 pair of boots (worn)
 G - a +0 pair of gloves (worn)
Jewellery
 j - an amulet of rage (around neck)
   (You found it on level 1 of the Dungeon)
 w - a ring of magical power (left hand)
   (You found it on level 4 of the Dungeon)
 W - a ring of wizardry (right hand)
   (You found it on level 7 of the Dungeon)
Wands
 I - a wand of acid (4/15)
 J - a wand of iceblast (5/15)
 L - a wand of iceblast (6/15)
 O - a wand of confusion (14/48)
 V - a wand of scattershot (4/9)
 Z - a wand of disintegration (12/24)
Scrolls
 o - a scroll of magic mapping {unknown}
 s - a scroll of random uselessness {unknown}
 y - a scroll of blinking {unknown}
 C - a scroll of recharging
 H - a scroll of teleportation {unknown}
 T - 3 scrolls of fog
Potions
 b - a potion of might {unknown}
 f - a potion of heal wounds
 g - a potion of flight {unknown}
 h - 3 potions of lignification
 m - 2 potions of haste
 n - a potion of curing
 q - a potion of cancellation {unknown}
 u - a potion of agility {unknown}
 x - a potion of magic {unknown}
 z - a potion of ambrosia {unknown}
 A - 3 potions of resistance
 M - a potion of brilliance {unknown}
Books
 c - a book of Battle

   Spells                             Type                      Level
   a - Infusion                       Charms                       1
   b - Shroud of Golubria             Charms/Translocation         2
   c - Song of Slaying                Charms                       2
   d - Spectral Weapon                Hexes/Charms                 3
   e - Regeneration                   Charms/Necromancy            3
Miscellaneous
 P - a box of beasts
Comestibles
 d - 4 bread rations


   Skills:
 + Level 7.7 Fighting
 + Level 6.1 Short Blades
 + Level 6.1 Long Blades
 + Level 7.7 Axes
 + Level 6.1 Maces & Flails
 + Level 6.1 Polearms
 + Level 6.1 Staves
 + Level 6.1 Slings
 + Level 6.1 Bows
 + Level 6.1 Crossbows
 + Level 6.1 Throwing
 + Level 6.7 Armour
 + Level 7.7 Dodging
 + Level 6.1 Stealth
 + Level 6.1 Shields
 + Level 6.1 Unarmed Combat
 + Level 8.0 Spellcasting
 + Level 6.1 Conjurations
 + Level 6.1 Hexes
 + Level 9.1 Charms
 + Level 6.1 Summonings
 + Level 6.1 Necromancy
 + Level 6.1 Translocations
 + Level 6.1 Transmutations
 + Level 6.1 Fire Magic
 + Level 6.1 Ice Magic
 + Level 6.1 Air Magic
 + Level 6.1 Earth Magic
 + Level 6.1 Poison Magic
 + Level 6.1 Invocations
 + Level 6.1 Evocations


You had 15 spell levels left.
You knew the following spells:

 Your Spells              Type           Power        Failure   Level  Hunger
g - Shroud of Golubria    Chrm/Tloc      #####.....   1%          2    None
i - Infusion              Chrm           ####         1%          1    None
r - Regeneration          Chrm/Necr      #####.....   2%          3    None
w - Spectral Weapon       Hex/Chrm       #####...     2%          3    None
y - Song of Slaying       Chrm           #####...     1%          2    None


Dungeon Overview and Level Annotations

Branches:
Dungeon (12/15)            Temple (1/1) D:5            Lair (0/6) D:10
    Orc: D:9-12

Altars:
Cheibriados
Dithmenos
Gozag
Hepliaklqana
Makhleb
Okawaru
Ru
Sif Muna
Uskayaw
Wu Jian
The Shining One

Shops:
D:5 !   D:6 %


Innate Abilities, Weirdness & Mutations

Your experience applies equally to all skills.
You have very sharp teeth.
Your uncanny sense of smell can sniff out nearby items.
You have sharp toenails.
Your mind is acute. (Int +2)
Your flesh is heat resistant. (rF+)


Message History

The white imp gestures at you. You block the puff of frost.
The ice beast completely misses you.
Your ring mail prevents you from hitting the white imp.
You bite the white imp, but do no damage.
You hit the ice beast.
Your spectral weapon hits the white imp.
The ice beast barely misses you. The white imp closely misses you.
The ice beast barely misses you. You block the white imp's attack.
You hit the white imp.
Lightning courses through the white imp!
You kill the white imp!
Makhleb accepts your kill.
You feel better.
You closely miss the ice beast.
The ice beast hits you but does no damage.
The ice beast hits you. The ice beast freezes you!
Your shield and ring mail prevent you from hitting the ice beast.
The ice beast is severely wounded.
Your spectral weapon hits the ice beast.
Lightning courses through the ice beast!
You kill the ice beast!
Makhleb accepts your kill.
You feel better.
You swap places.
You feel yourself speed up.
Your spectral weapon fades away.
You recover from your berserk rage. 2 freezing wraiths come into view.
Casting: Spectral Weapon
Confirm with . or Enter, or press ? or * to list all spells.
You draw out your weapon's spirit!
The freezing wraith completely misses your spectral weapon.
The freezing wraith misses your spectral weapon.
Okay, then.
A demon appears!
The freezing wraith hits your spectral weapon.
Your spectral weapon shares its damage with you!
The freezing wraith freezes your spectral weapon!
Your spectral weapon resists.
Your spectral weapon shares its damage with you!
The freezing wraith hits your spectral weapon!
Your spectral weapon shares its damage with you!
Your spectral weapon fades away.
A red film seems to cover your vision as you go berserk!
You feel yourself moving faster!
You feel mighty!
You feel a lot more hungry.
You barely miss the freezing wraith. You block the freezing wraith's attack.
The freezing wraith hits you.
Your shield and ring mail prevent you from hitting the freezing wraith.
Your bite misses the freezing wraith.
Your smoke demon hits the freezing wraith but does no damage.
Your smoke demon barely misses the freezing wraith.
Your smoke demon hits the freezing wraith but does no damage.
You slash the freezing wraith! Your bite misses the freezing wraith.
The freezing wraith is lightly damaged.
You hit the freezing wraith.
Lightning courses through the freezing wraith!
The freezing wraith hits you! The freezing wraith freezes you!!
You block the freezing wraith's attack. The freezing wraith closely misses you.
The freezing wraith hits you!
* * * LOW HITPOINT WARNING * * *
The freezing wraith drains your vigour!
You feel yourself slow down.
Your smoke demon barely misses the freezing wraith.
Your smoke demon hits the freezing wraith but does no damage.
Your smoke demon closely misses the freezing wraith.
Unknown command.
You closely miss the freezing wraith.
The freezing wraith is lightly damaged.
You closely miss the freezing wraith.
The freezing wraith closely misses you. x2
The freezing wraith hits you!
* * * LOW HITPOINT WARNING * * *
The freezing wraith freezes you!
* * * LOW HITPOINT WARNING * * *
The freezing wraith closely misses you.
Your smoke demon barely misses the freezing wraith.
Your smoke demon hits the freezing wraith but does no damage. x2
Unknown command.
You closely miss the freezing wraith.
The freezing wraith is moderately damaged.
You slash the freezing wraith! The freezing wraith hits you.
* * * LOW HITPOINT WARNING * * *
The freezing wraith freezes you!
* * * LOW HITPOINT WARNING * * *
The freezing wraith misses you. The freezing wraith hits you!
* * * LOW HITPOINT WARNING * * *
The freezing wraith freezes you!!
* * * LOW HITPOINT WARNING * * *
The freezing wraith closely misses you.
Your smoke demon gestures at the freezing wraith.
The ball of steam hits the freezing wraith.
The freezing wraith is destroyed!
Makhleb accepts your kill.
The freezing wraith hits you but does no damage.
You block the freezing wraith's attack.
Unknown command.
You barely miss the freezing wraith. You bite the freezing wraith.
The freezing wraith is heavily damaged.
Your smoke demon barely misses the freezing wraith.
Your smoke demon hits the freezing wraith.
Your smoke demon hits the freezing wraith but does no damage.
You block the freezing wraith's attack. The freezing wraith hits you!
You die...

#.......##..
##.....####.
#......# ##
##....## ###
#...## ##.##
##..##
#...## #..##
#....####..#
#3@#...#...#
#W§##.....##
##§###...##
#..######
##..# #...#
##...# #...#
#...#


You could see a freezing wraith and a friendly smoke demon.

Vanquished Creatures
  A two-headed ogre (D:9)
  An unseen horror (D:10)
  Pikel (D:6)
  A troll (D:9)
  A hornet (D:11)
  2 hippogriffs (D:9)
  A vampire (D:9)
  8 yaks
  A wyvern (D:9)
  A death yak simulacrum (IceCv)
  3 hungry ghosts
  A water moccasin (D:7)
  2 sky beasts
  2 slaves (D:6)
  15 ice beasts
  3 orc warriors
  An ogre (D:5)
  An alligator simulacrum (IceCv)
  A necrophage (D:7)
  A big kobold (D:8)
  3 bullfrogs
  A gnoll sergeant (D:11)
  A scorpion (D:6)
  2 electric eels (D:9)
  A howler monkey (D:4)
  3 crimson imps
  A jelly (D:10)
  2 centaur skeletons
  2 bullfrog zombies
  4 hounds
  11 orc priests
  11 orc wizards
  Jessica (D:2)
  2 iguanas
  A polar bear simulacrum (IceCv)
  A worker ant (D:11)
  A wolf simulacrum (IceCv)
  A hound zombie (D:9)
  11 gnolls
  13 adders
  2 shadow imps (D:8)
  5 white imps (IceCv)
  An adder zombie (D:6)
  An adder skeleton (D:8)
  3 worms
  2 dart slugs
  3 leopard geckos
  59 orcs
  10 bats
  4 giant cockroaches
  7 goblins
  6 hobgoblins
  16 jackals
  7 kobolds
  4 quokkas
  A ball python skeleton (D:4)
  6 frilled lizards
  6 rats
  A spectral weapon (D:9)
265 creatures vanquished.

Vanquished Creatures (collateral kills)
  A freezing wraith (IceCv)
1 creature vanquished.

Vanquished Creatures (others)
  A spectral weapon (IceCv)
1 creature vanquished.

Grand Total: 267 creatures vanquished

Notes
Turn   | Place    | Note
-------+----------+-------------------------------------------
     0 | D:1      | tidbits the Gnoll Skald began the quest for the Orb.
     0 | D:1      | Reached XP level 1. HP: 20/20 MP: 6/6
    99 | D:1      | Reached XP level 2. HP: 26/26 MP: 2/7
   104 | D:1      | Learned a level 2 spell: Song of Slaying
   107 | D:1      | Learned a level 2 spell: Shroud of Golubria
   255 | D:1      | Reached XP level 3. HP: 25/31 MP: 1/9
   278 | D:1      | Reached skill level 5 in Spellcasting
   328 | D:2      | Reached skill level 1 in Short Blades
   328 | D:2      | Reached skill level 1 in Long Blades
   328 | D:2      | Reached skill level 1 in Maces & Flails
   328 | D:2      | Reached skill level 1 in Polearms
   328 | D:2      | Reached skill level 1 in Staves
   328 | D:2      | Reached skill level 1 in Slings
   328 | D:2      | Reached skill level 1 in Bows
   328 | D:2      | Reached skill level 1 in Crossbows
   328 | D:2      | Reached skill level 1 in Throwing
   328 | D:2      | Reached skill level 1 in Stealth
   328 | D:2      | Reached skill level 1 in Shields
   328 | D:2      | Reached skill level 1 in Unarmed Combat
   328 | D:2      | Reached skill level 1 in Conjurations
   328 | D:2      | Reached skill level 1 in Hexes
   328 | D:2      | Reached skill level 1 in Summonings
   328 | D:2      | Reached skill level 1 in Necromancy
   328 | D:2      | Reached skill level 1 in Translocations
   328 | D:2      | Reached skill level 1 in Transmutations
   328 | D:2      | Reached skill level 1 in Fire Magic
   328 | D:2      | Reached skill level 1 in Ice Magic
   328 | D:2      | Reached skill level 1 in Air Magic
   328 | D:2      | Reached skill level 1 in Earth Magic
   328 | D:2      | Reached skill level 1 in Poison Magic
   328 | D:2      | Reached skill level 1 in Invocations
   328 | D:2      | Reached skill level 1 in Evocations
   328 | D:2      | Reached XP level 4. HP: 35/38 MP: 2/11
   359 | D:2      | Learned a level 3 spell: Regeneration
   364 | D:2      | Learned a level 3 spell: Spectral Weapon
   488 | D:2      | Reached XP level 5. HP: 43/43 MP: 7/12
   661 | D:3      | Reached skill level 3 in Armour
   697 | D:2      | Noticed Jessica
   709 | D:2      | Killed Jessica
   765 | D:4      | Reached XP level 6. HP: 50/50 MP: 5/13
   767 | D:4      | Reached skill level 5 in Fighting
   767 | D:4      | Reached skill level 5 in Axes
   767 | D:4      | Reached skill level 5 in Dodging
   768 | D:4      | Reached skill level 2 in Short Blades
   768 | D:4      | Reached skill level 2 in Long Blades
   768 | D:4      | Reached skill level 2 in Maces & Flails
   768 | D:4      | Reached skill level 2 in Polearms
   768 | D:4      | Reached skill level 2 in Staves
   768 | D:4      | Reached skill level 2 in Slings
   768 | D:4      | Reached skill level 2 in Bows
   768 | D:4      | Reached skill level 2 in Crossbows
   768 | D:4      | Reached skill level 2 in Throwing
   768 | D:4      | Reached skill level 2 in Stealth
   768 | D:4      | Reached skill level 2 in Shields
   768 | D:4      | Reached skill level 2 in Unarmed Combat
   768 | D:4      | Reached skill level 2 in Conjurations
   768 | D:4      | Reached skill level 2 in Hexes
   768 | D:4      | Reached skill level 2 in Summonings
   768 | D:4      | Reached skill level 2 in Necromancy
   768 | D:4      | Reached skill level 2 in Translocations
   768 | D:4      | Reached skill level 2 in Transmutations
   768 | D:4      | Reached skill level 2 in Fire Magic
   768 | D:4      | Reached skill level 2 in Ice Magic
   768 | D:4      | Reached skill level 2 in Air Magic
   768 | D:4      | Reached skill level 2 in Earth Magic
   768 | D:4      | Reached skill level 2 in Poison Magic
   768 | D:4      | Reached skill level 2 in Invocations
   768 | D:4      | Reached skill level 2 in Evocations
   917 | D:3      | Found a sacrificial altar of Ru.
  1095 | D:4      | Reached XP level 7. HP: 54/56 MP: 15/15
  1143 | D:5      | Entered Level 5 of the Dungeon
  1190 | D:5      | Found Juha's Distillery.
  1195 | D:5      | Reached skill level 7 in Charms
  1203 | D:5      | Bought a potion of mutation for 104 gold pieces
  1203 | D:5      | Gained mutation: Your magical capacity is low. (-10% MP) [potion of mutation]
  1203 | D:5      | Gained mutation: You evolve. [potion of mutation]
  1204 | D:5      | Lost mutation: Your magical capacity is low. (-10% MP) [potion of mutation]
  1204 | D:5      | Lost mutation: You evolve. [potion of mutation]
  1204 | D:5      | Gained mutation: Your mind is acute. (Int +2) [potion of mutation]
  1204 | D:5      | Gained mutation: Your flesh is heat resistant. (rF+) [potion of mutation]
  1204 | D:5      | Gained mutation: You have sharp toenails. [potion of mutation]
  1295 | D:5      | Found a staircase to the Ecumenical Temple.
  1311 | Temple   | Entered the Ecumenical Temple
  1353 | Temple   | Became a worshipper of Makhleb the Destroyer
  1520 | D:7      | Reached XP level 8. HP: 63/63 MP: 16/16
  1571 | D:6      | Found an iron altar of Okawaru.
  1606 | D:6      | Reached skill level 3 in Short Blades
  1606 | D:6      | Reached skill level 3 in Long Blades
  1606 | D:6      | Reached skill level 3 in Maces & Flails
  1606 | D:6      | Reached skill level 3 in Polearms
  1606 | D:6      | Reached skill level 3 in Staves
  1606 | D:6      | Reached skill level 3 in Slings
  1606 | D:6      | Reached skill level 3 in Bows
  1606 | D:6      | Reached skill level 3 in Crossbows
  1606 | D:6      | Reached skill level 3 in Throwing
  1606 | D:6      | Reached skill level 4 in Armour
  1606 | D:6      | Reached skill level 3 in Stealth
  1606 | D:6      | Reached skill level 3 in Shields
  1606 | D:6      | Reached skill level 3 in Unarmed Combat
  1606 | D:6      | Reached skill level 3 in Conjurations
  1606 | D:6      | Reached skill level 3 in Hexes
  1606 | D:6      | Reached skill level 3 in Summonings
  1606 | D:6      | Reached skill level 3 in Necromancy
  1606 | D:6      | Reached skill level 3 in Translocations
  1606 | D:6      | Reached skill level 3 in Transmutations
  1606 | D:6      | Reached skill level 3 in Fire Magic
  1606 | D:6      | Reached skill level 3 in Ice Magic
  1606 | D:6      | Reached skill level 3 in Air Magic
  1606 | D:6      | Reached skill level 3 in Earth Magic
  1606 | D:6      | Reached skill level 3 in Poison Magic
  1606 | D:6      | Reached skill level 3 in Invocations
  1606 | D:6      | Reached skill level 3 in Evocations
  1633 | D:6      | Reached skill level 6 in Spellcasting
  1637 | D:6      | Reached * piety under Makhleb
  1655 | D:6      | Found Piw Atuo's Food Emporium.
  1795 | D:6      | Noticed Pikel
  1802 | D:6      | Killed Pikel
  1802 | D:6      | Reached skill level 6 in Fighting
  1802 | D:6      | Reached skill level 6 in Axes
  1802 | D:6      | Reached skill level 6 in Dodging
  1802 | D:6      | Reached XP level 9. HP: 66/69 MP: 18/18
  1913 | D:7      | Reached skill level 4 in Short Blades
  1913 | D:7      | Reached skill level 4 in Long Blades
  1913 | D:7      | Reached skill level 4 in Maces & Flails
  1913 | D:7      | Reached skill level 4 in Polearms
  1913 | D:7      | Reached skill level 4 in Staves
  1913 | D:7      | Reached skill level 4 in Slings
  1913 | D:7      | Reached skill level 4 in Bows
  1913 | D:7      | Reached skill level 4 in Crossbows
  1913 | D:7      | Reached skill level 4 in Throwing
  1913 | D:7      | Reached skill level 4 in Stealth
  1913 | D:7      | Reached skill level 4 in Shields
  1913 | D:7      | Reached skill level 4 in Unarmed Combat
  1913 | D:7      | Reached skill level 4 in Conjurations
  1913 | D:7      | Reached skill level 4 in Hexes
  1913 | D:7      | Reached skill level 4 in Summonings
  1913 | D:7      | Reached skill level 4 in Necromancy
  1913 | D:7      | Reached skill level 4 in Translocations
  1913 | D:7      | Reached skill level 4 in Transmutations
  1913 | D:7      | Reached skill level 4 in Fire Magic
  1913 | D:7      | Reached skill level 4 in Ice Magic
  1913 | D:7      | Reached skill level 4 in Air Magic
  1913 | D:7      | Reached skill level 4 in Earth Magic
  1913 | D:7      | Reached skill level 4 in Poison Magic
  1913 | D:7      | Reached skill level 4 in Invocations
  1913 | D:7      | Reached skill level 4 in Evocations
  1992 | D:9      | Reached skill level 5 in Armour
  1993 | D:9      | Reached skill level 8 in Charms
  2045 | D:9      | Noticed a troll
  2059 | D:9      | Killed a troll
  2068 | D:9      | Reached XP level 10. HP: 56/77 MP: 20/20
  2094 | D:9      | Reached skill level 7 in Spellcasting
  2164 | D:9      | Noticed a two-headed ogre
  2177 | D:9      | Killed a two-headed ogre
  2177 | D:9      | Reached skill level 5 in Short Blades
  2177 | D:9      | Reached skill level 5 in Long Blades
  2177 | D:9      | Reached skill level 5 in Maces & Flails
  2177 | D:9      | Reached skill level 5 in Polearms
  2177 | D:9      | Reached skill level 5 in Staves
  2177 | D:9      | Reached skill level 5 in Slings
  2177 | D:9      | Reached skill level 5 in Bows
  2177 | D:9      | Reached skill level 5 in Crossbows
  2177 | D:9      | Reached skill level 5 in Throwing
  2177 | D:9      | Reached skill level 5 in Stealth
  2177 | D:9      | Reached skill level 5 in Shields
  2177 | D:9      | Reached skill level 5 in Unarmed Combat
  2177 | D:9      | Reached skill level 5 in Conjurations
  2177 | D:9      | Reached skill level 5 in Hexes
  2177 | D:9      | Reached skill level 5 in Summonings
  2177 | D:9      | Reached skill level 5 in Necromancy
  2177 | D:9      | Reached skill level 5 in Translocations
  2177 | D:9      | Reached skill level 5 in Transmutations
  2177 | D:9      | Reached skill level 5 in Fire Magic
  2177 | D:9      | Reached skill level 5 in Ice Magic
  2177 | D:9      | Reached skill level 5 in Air Magic
  2177 | D:9      | Reached skill level 5 in Earth Magic
  2177 | D:9      | Reached skill level 5 in Poison Magic
  2177 | D:9      | Reached skill level 5 in Invocations
  2177 | D:9      | Reached skill level 5 in Evocations
  2217 | D:10     | Entered Level 10 of the Dungeon
  2283 | D:11     | Reached skill level 7 in Fighting
  2283 | D:11     | Reached skill level 7 in Axes
  2283 | D:11     | Reached skill level 7 in Dodging
  2320 | D:11     | Reached ** piety under Makhleb
  2492 | D:9      | Got a scorched whip
  2498 | D:9      | Reached skill level 6 in Armour
  2765 | D:9      | Reached *** piety under Makhleb
  2944 | D:10     | Killed an unseen horror
  2944 | D:10     | Reached XP level 11. HP: 50/84 MP: 22/22
  2989 | D:10     | Found a hazy altar of Hepliaklqana.
  3062 | D:10     | Found a staircase to the Lair.
  3069 | D:10     | Identified the +6 whip of Anguish {vamp, MP+9} (You found it on level 9 of the Dungeon)
  3287 | D:12     | Found a frozen archway.
  3300 | D:12     | Reached skill level 9 in Charms
  3302 | D:12     | Reached skill level 6 in Short Blades
  3302 | D:12     | Reached skill level 6 in Long Blades
  3302 | D:12     | Reached skill level 6 in Maces & Flails
  3302 | D:12     | Reached skill level 6 in Polearms
  3302 | D:12     | Reached skill level 6 in Staves
  3302 | D:12     | Reached skill level 6 in Slings
  3302 | D:12     | Reached skill level 6 in Bows
  3302 | D:12     | Reached skill level 6 in Crossbows
  3302 | D:12     | Reached skill level 6 in Throwing
  3302 | D:12     | Reached skill level 6 in Stealth
  3302 | D:12     | Reached skill level 6 in Shields
  3302 | D:12     | Reached skill level 6 in Unarmed Combat
  3302 | D:12     | Reached skill level 6 in Conjurations
  3302 | D:12     | Reached skill level 6 in Hexes
  3302 | D:12     | Reached skill level 6 in Summonings
  3302 | D:12     | Reached skill level 6 in Necromancy
  3302 | D:12     | Reached skill level 6 in Translocations
  3302 | D:12     | Reached skill level 6 in Transmutations
  3302 | D:12     | Reached skill level 6 in Fire Magic
  3302 | D:12     | Reached skill level 6 in Ice Magic
  3302 | D:12     | Reached skill level 6 in Air Magic
  3302 | D:12     | Reached skill level 6 in Earth Magic
  3302 | D:12     | Reached skill level 6 in Poison Magic
  3302 | D:12     | Reached skill level 6 in Invocations
  3302 | D:12     | Reached skill level 6 in Evocations
  3327 | IceCv    | Entered an ice cave
  3361 | IceCv    | Reached **** piety under Makhleb
  3362 | IceCv    | Reached skill level 8 in Spellcasting
  3409 | IceCv    | HP: 1/127 [freezing wraith (20)]
  3410 | IceCv    | Mangled by a freezing wraith

Vault maps used:
D:1:      dpeg_arrival_castle
D:2:      lemuel_round_altar, doesnt_xom_only_xom, minmay_crystal_water,
          minivault_26, fedhas_altar_4, uniq_sigmund, uniq_jessica
D:3:      nicolae_ru_path_of_blood
D:5:      minmay_temple_entry_statues, first_bread, serial_shops, shop
D:6:      serial_shops, shop_fountains, okawaru_ov_weapons_minmay, uniq_pikel
D:7:      nemelex_xobeh_ov_fountains_minmay, uniq_joseph,
          uniq_crazy_yiuf_cottage
D:8:      david_nohive_1
D:9:      minitemple, kennysheep_cross_room
D:10:     lair_entry_dummy, david_orc_4, basic_altar
D:11:     uniq_erica
D:12:     portal_ice_cave_entry_ice_beasts, nemelex_diamond_rough_becter
Temple:   jpeg_temple_clearing
IceCv:    ice_cave_small_necro

Skill      XL: |  1  2  3  4  5  6  7  8  9 10 11 |
---------------+----------------------------------+-----
Spellcasting   | 5 6 7 8 |  8.0
Short Blades   | 1 2 3 4 5 6 |  6.1
Long Blades    | 1 2 3 4 5 6 |  6.1
Maces & Flails | 1 2 3 4 5 6 |  6.1
Polearms       | 1 2 3 4 5 6 |  6.1
Staves         | 1 2 3 4 5 6 |  6.1
Slings         | 1 2 3 4 5 6 |  6.1
Bows           | 1 2 3 4 5 6 |  6.1
Crossbows      | 1 2 3 4 5 6 |  6.1
Throwing       | 1 2 3 4 5 6 |  6.1
Stealth        | 1 2 3 4 5 6 |  6.1
Shields        | 1 2 3 4 5 6 |  6.1
Unarmed Combat | 1 2 3 4 5 6 |  6.1
Conjurations   | 1 2 3 4 5 6 |  6.1
Hexes          | 1 2 3 4 5 6 |  6.1
Summonings     | 1 2 3 4 5 6 |  6.1
Necromancy     | 1 2 3 4 5 6 |  6.1
Translocations | 1 2 3 4 5 6 |  6.1
Transmutations | 1 2 3 4 5 6 |  6.1
Fire Magic     | 1 2 3 4 5 6 |  6.1
Ice Magic      | 1 2 3 4 5 6 |  6.1
Air Magic      | 1 2 3 4 5 6 |  6.1
Earth Magic    | 1 2 3 4 5 6 |  6.1
Poison Magic   | 1 2 3 4 5 6 |  6.1
Invocations    | 1 2 3 4 5 6 |  6.1
Evocations     | 1 2 3 4 5 6 |  6.1
Armour         | 3 4 5 6 |  6.7
Fighting       | 5 6 7 |  7.7
Axes           | 5 6 7 |  7.7
Dodging        | 5 6 7 |  7.7
Charms         | 7 8 9 |  9.1

Action                   |  1- 3 |  4- 6 |  7- 9 | 10-12 || total
-------------------------+-------+-------+-------+-------++-------
Melee: Hand axe          |    41 |     6 |       |       ||    47
       Bite              |     3 |     7 |    22 |    16 ||    48
       War axe           |       |   102 |   112 |   194 ||   408
       Unarmed           |       |     1 |       |       ||     1
       Punch             |       |       |     4 |     6 ||    10
 Cast: Infusion          |     7 |     1 |       |     1 ||     9
       Regeneration      |       |     3 |     2 |    17 ||    22
       Spectral Weapon   |       |    12 |    15 |    21 ||    48
       Shroud of Golubri |       |     1 |     2 |     2 ||     5
       Song of Slaying   |       |     4 |     5 |     4 ||    13
Invok: Lesser Servant of |       |       |       |     1 ||     1
 Abil: Evoke Berserk Rag |     1 |     5 |     3 |     6 ||    15
Evoke: Wand              |       |       |     2 |     7 ||     9
  Use: Potion            |       |     2 |     3 |     1 ||     6
       Scroll            |       |     2 |     2 |    11 ||    15
 Stab: Sleeping          |     1 |     1 |     2 |     1 ||     5
       Distracted        |       |       |     3 |     1 ||     4
  Eat: Chunk             |       |     8 |     5 |    12 ||    25
       Royal jelly       |       |       |     1 |       ||     1
       Meat ration       |       |       |       |     1 ||     1
       Bread ration      |       |       |       |     1 ||     1
Armor: Leather armour    |     6 |       |       |       ||     6
       Ring mail         |     2 |    50 |    34 |    74 ||   160
       Skin              |       |     6 |       |       ||     6
Dodge: Dodged            |    27 |   103 |    82 |   148 ||   360
Block: Shield            |       |       |       |    23 ||    23

Table legend:
 A = Spawn XP
 B = Non-spawn XP
 C = Spawn XP percentage of total XP
 D = Spawn monster count
 E = Non-spawn monster count
 F = Spawn count percentage of total count
 G = Total turns spent on level
                    A         B        C        D         E        F      G
               +---------+---------+-------+---------+---------+-------+---------
         Total |       0 |   12688 |   0.0 |       0 |     263 |   0.0 |  3410
               +---------+---------+-------+---------+---------+-------+---------
           D:1 |       0 |      38 |   0.0 |       0 |      20 |   0.0 |   299
           D:2 |       0 |     207 |   0.0 |       0 |      28 |   0.0 |   401
           D:3 |       0 |     135 |   0.0 |       0 |      39 |   0.0 |   262
           D:4 |       0 |     267 |   0.0 |       0 |      19 |   0.0 |   181
           D:5 |       0 |     136 |   0.0 |       0 |       5 |   0.0 |   218
           D:6 |       0 |    1447 |   0.0 |       0 |      21 |   0.0 |   315
           D:7 |       0 |     670 |   0.0 |       0 |       6 |   0.0 |   175
           D:8 |       0 |     502 |   0.0 |       0 |      22 |   0.0 |   190
           D:9 |       0 |    3848 |   0.0 |       0 |      49 |   0.0 |   550
          D:10 |       0 |    1299 |   0.0 |       0 |      14 |   0.0 |   390
          D:11 |       0 |    1702 |   0.0 |       0 |      16 |   0.0 |   166
          D:12 |       0 |    1072 |   0.0 |       0 |       9 |   0.0 |    95
         IceCv |       0 |    1365 |   0.0 |       0 |      15 |   0.0 |    83
               +---------+---------+-------+---------+---------+-------+---------

Table legend:
 A = Turns spent in this place as a percentage of turns spent in the entire game.
 B = Non-inter-level travel turns spent in this place as a percentage of non-inter-level travel turns spent in the entire game.
 C = Inter-level travel turns spent in this place as a percentage of turns spent in this place.
 D = Turns resting spent in this place as a percentage of non-inter-level travel turns spent in this place.
 E = Turns spent auto-exploring this place as a percentage of non-inter-level travel turns spent in this place.
 F = Non-inter-level travel turns spent in this place divided by the number of levels of this place that you've seen.
                   A       B       C       D       E      F
               +-------+-------+-------+-------+-------+----------------------
         Total | 100.0 | 100.0 |   1.8 |   0.0 |   0.0 | 239.1
       Dungeon |  95.1 |  96.2 |   0.6 |   0.0 |   0.0 | 268.4
        Temple |   2.5 |   1.3 |  48.2 |   0.0 |   0.0 |  44.0
      Ice Cave |   2.4 |   2.5 |   0.0 |   0.0 |   0.0 |  83.0
               +-------+-------+-------+-------+-------+----------------------

Table legend:
 A = Kills in this place as a percentage of kills in entire the game.
 B = Kills by you in this place as a percentage of kills by you in the entire game.
 C = Kills by friends in this place as a percentage of kills by friends in the entire game.
 D = Other kills in this place as a percentage of other kills in the entire game.
 E = Experience gained in this place as a percentage of experience gained in the entire game.
 F = Experience gained in this place divided by the number of levels of this place that you have seen.
                   A       B       C       D       E      F
               +-------+-------+-------+-------+-------+----------------------
         Total | 100.0 | 100.0 | 100.0 |   N/A | 100.0 | 906.3
       Dungeon |  94.3 |  94.7 |   0.0 |   N/A |  89.2 | 943.6
      Ice Cave |   5.7 |   5.3 | 100.0 |   N/A |  10.8 | 1365.0
               +-------+-------+-------+-------+-------+----------------------

Vault maps used:
D:1:      dpeg_arrival_castle
D:2:      lemuel_round_altar, doesnt_xom_only_xom, minmay_crystal_water,
          minivault_26, fedhas_altar_4, uniq_sigmund, uniq_jessica
D:3:      nicolae_ru_path_of_blood
D:5:      minmay_temple_entry_statues, first_bread, serial_shops, shop
D:6:      serial_shops, shop_fountains, okawaru_ov_weapons_minmay, uniq_pikel
D:7:      nemelex_xobeh_ov_fountains_minmay, uniq_joseph,
          uniq_crazy_yiuf_cottage
D:8:      david_nohive_1
D:9:      minitemple, kennysheep_cross_room
D:10:     lair_entry_dummy, david_orc_4, basic_altar
D:11:     uniq_erica
D:12:     portal_ice_cave_entry_ice_beasts, nemelex_diamond_rough_becter
Temple:   jpeg_temple_clearing
IceCv:    ice_cave_small_necro
